 Dungeon Crawl Stone Soup version 0.17-a0-1753-g75d4604 (webtiles) character file.

2762 BobbyTwoHands the Slasher (level 9, -1/61 HPs)
             Began as a High Elf Fire Elementalist on Sept 2, 2015.
             Killed from afar by Mygna's ghost (33 damage)
             ... with a bolt of negative energy
             ... on level 5 of the Dungeon.
             The game lasted 00:33:56 (11512 turns).

BobbyTwoHands the Slasher (HEFE)                   Turns: 11512, Time: 00:33:56

Health: -1/61      AC:  9    Str:  8    XL:     9   Next: 42%
Magic:  5/16       EV: 11    Int: 20    God:
Gold:   546        SH:  7    Dex: 18    Spells: 5 memorised, 1 level left

rFire  . . .     SeeInvis .     z - +0 long sword
rCold  . . .     Clarity  .     H - +1 robe {MR+}
rNeg   . . .     SustAt   .     G - +2 buckler
rPois  .         Gourm    .     f - +2 hat
rElec  .         Spirit   .     (no cloak)
rCorr  .         Warding  .     h - +1 pair of gloves
rMut   .         Stasis   .     (no boots)
MR     +....                    (no amulet)
Stlth  ++........               (no ring)
                                n - +2 ring of protection

@: repel missiles, heavily drained, somewhat resistant to hostile enchantments,
unstealthy
A: no striking features
a: no special abilities


You were on level 5 of the Dungeon.
You were hungry.

You visited 2 branches of the dungeon, and saw 8 of its levels.
You also visited: Ossuary.

You collected 546 gold pieces.

Inventory:

Hand weapons
 z - a +0 long sword (weapon)
Missiles
 E - a throwing net (quivered)
Armour
 f - a +2 hat (worn)
 h - a +1 pair of gloves (worn)
 B - a +2 ring mail of cold resistance
 G - a +2 buckler (worn)
 H - a +1 robe of magic resistance (worn)
Jewellery
 n - a +2 ring of protection (left hand)
 L - an uncursed ring of ice
Magical devices
 d - a wand of confusion (21)
 s - a wand of confusion (23)
 C - a wand of flame (31)
Scrolls
 a - a scroll of noise {unknown}
 i - a scroll of amnesia {unknown}
 p - a scroll of enchant armour
 q - a scroll of immolation {unknown}
 r - 5 scrolls of remove curse
 y - 2 scrolls of fear
 A - a scroll of recharging {unknown}
 K - a scroll of enchant weapon {unknown}
Potions
 e - a potion of invisibility
 g - a potion of resistance
 j - 3 potions of brilliance
 k - 2 potions of haste
 l - 4 potions of might
 m - a potion of degeneration {unknown}
 o - 5 potions of curing
 v - 2 potions of lignification
 x - a potion of poison {unknown}
 D - 2 potions of magic {unknown}
 I - 2 potions of heal wounds {unknown}
 J - a potion of cancellation {unknown}
Books
 b - a book of Flames

   Spells                             Type                      Level
   a - Flame Tongue                   Conjuration/Fire             1
   b - Throw Flame                    Conjuration/Fire             2
   c - Conjure Flame                  Conjuration/Fire             3
   d - Inner Flame                    Hexes/Fire                   3
   e - Sticky Flame                   Conjuration/Fire             4
   f - Fireball                       Conjuration/Fire             5
 F - a book of Minor Magic

   Spells                             Type                      Level
   a - Magic Dart                     Conjuration                  1
   b - Blink                          Translocation                2
   c - Call Imp                       Summoning                    2
   d - Repel Missiles                 Charms/Air                   2
   e - Slow                           Hexes                        2
   f - Conjure Flame                  Conjuration/Fire             3
   g - Mephitic Cloud                 Conjuration/Poison/Air       3
Comestibles
 c - 6 bread rations
 u - a beef jerky


   Skills:
 - Level 5.1(3.8) Fighting
 + Level 7.9(6.5) Long Blades
 - Level 2.1(1.0) Dodging
 - Level 2.1(1.0) Stealth
 - Level 4.0(2.7) Shields
 - Level 4.0(2.8) Spellcasting
 - Level 5.7(4.4) Conjurations
 - Level 6.6(5.3) Fire Magic


You had one spell level left.
You knew the following spells:

 Your Spells              Type           Power        Failure   Level  Hunger
a - Flame Tongue          Conj/Fire      ###..        1%          1    None
b - Conjure Flame         Conj/Fire      ###.....     10%         3    ###....
c - Sticky Flame          Conj/Fire      ###.....     24%         4    ####...
d - Repel Missiles        Chrm/Air       #.....       28%         2    ##.....
e - Fireball              Conj/Fire      ###.......   67%         5    ######.


Dungeon Overview and Level Annotations

Branches:
Dungeon (7/15)             Temple (1/1) D:6

Altars:
Ashenzari
Cheibriados
Dithmenos
Elyvilon
Fedhas
Gozag
Kikubaaqudgha
Makhleb
Nemelex Xobeh
Okawaru
Qazlal
Ru
Sif Muna
Trog
Xom
Yredelemnul
Zin
The Shining One

Annotations:
D:2 exclusion: downstairs
D:3 exclusion: hippogriff
D:4 1 exclusion
D:5 Mygna's ghost, experienced DrFi


Message History

Aim: Mygna's ghost (flame)
The flame tongue hits Mygna's ghost.
Mygna's ghost appears unharmed.
Mygna's ghost is engulfed in roaring flames.
You now have 6/16 mp.
Casting: Flame Tongue
Confirm with . or Enter, or press ? or * to list all spells.
Aiming: Flame Tongue
Press: ? - help, Shift-Dir - straight line, f/p - Mygna's ghost
Aim: Mygna's ghost (flame, lightly damaged)
The flame tongue hits Mygna's ghost.
Mygna's ghost is moderately damaged.
Mygna's ghost is engulfed in roaring flames.
Mygna's ghost breathes negative energy at you.
The bolt of negative energy hits you!
You feel drained.
You take 29 damage, and have 31/61 hp.
MASSIVE DAMAGE!!
You now have 5/16 mp.
Mygna's ghost is engulfed in roaring flames.
Mygna's ghost breathes negative energy at you.
The bolt of negative energy hits you!
You feel drained.
Ouch! That really hurt!
You die...

..### #)# ._#2# ##### #.#
..### ....# #.# #..#
#.#.# ###.###### .###
#.#.# #........####### .#
###.#.####.#.#...........
##
#.......##.#.#.##.#######
# #.#.#.#.##.....##.# # #
#.#.#.W.@......##.# # #
#.###.#.#§#.##....###.# #
# #.......§)####.#.## #.#
# #####.##### #.#.####.#
##### #...# #........#
#.... #### #.###
###'###### #.### ...# #.#
##...## ##.### ##.#
#.#### ##.....## #.....
.#.# #.##.## ##......§##
#...##


You could see Mygna's ghost.

Vanquished Creatures
  A spriggan (D:7)
  2 ice beasts
  4 ogres
  2 centaurs
  2 elf zombies (Ossuary)
  2 giant frogs (D:6)
  A water moccasin skeleton (D:6)
  2 scorpions
  6 hounds
  A giant frog zombie (D:7)
  6 orc priests
  6 orc wizards
  A centaur skeleton (D:5)
  A crimson imp (D:6)
  3 centaur zombies
  2 jellies
  A giant frog skeleton (D:6)
  A gnoll shaman (D:7)
  A human zombie (Ossuary)
  Jessica (D:2)
  3 iguanas
  2 worker ants
  2 big kobold zombies (Ossuary)
  3 hound zombies
  A hound skeleton (D:6)
  3 mummies (Ossuary)
  5 adders
  3 worker ant zombies
  11 gnolls
  A shadow imp (D:6)
  3 oozes (D:1)
  An adder zombie (Ossuary)
  3 worms
  2 giant geckos
  18 orcs
  3 ball pythons
  8 giant cockroaches
  6 hobgoblins
  13 kobolds
  7 quokkas
  13 bats
  A giant cockroach zombie (D:5)
  A giant gecko skeleton (D:6)
  A giant gecko zombie (D:5)
  4 giant newts
  7 goblins
  4 goblin zombies (Ossuary)
  5 hobgoblin zombies (Ossuary)
  3 jackals
  A jackal skeleton (D:4)
  2 jackal zombies (Ossuary)
  8 kobold zombies (Ossuary)
  3 quokka zombies (Ossuary)
  7 rats
  3 rat zombies (Ossuary)
207 creatures vanquished.

Notes
Turn   | Place    | Note
--------------------------------------------------------------
     0 | D:1      | BobbyTwoHands the High Elf Fire Elementalist began the quest for the Orb.
     0 | D:1      | Reached XP level 1. HP: 11/11 MP: 4/4
    81 | D:1      | Reached XP level 2. HP: 15/17 MP: 3/6
   313 | D:1      | Found a glowing golden altar of the Shining One.
   378 | D:1      | Reached skill level 4 in Fire Magic
   691 | D:1      | Reached XP level 3. HP: 21/21 MP: 7/7
  1286 | D:2      | Found a basalt altar of Yredelemnul.
  1344 | D:2      | Found a faded altar to an unknown god.
  1559 | D:2      | Noticed Jessica
  1566 | D:2      | Killed Jessica
  1566 | D:2      | Reached XP level 4. HP: 12/27 MP: 5/8
  2424 | D:3      | Noticed a hippogriff
  2553 | D:3      | Learned a level 3 spell: Conjure Flame
  3052 | D:3      | Learned a level 4 spell: Sticky Flame
  3150 | D:3      | Reached XP level 5. HP: 31/31 MP: 3/9
  3553 | D:4      | Reached skill level 5 in Fire Magic
  4057 | D:3      | Found a shattered altar of Ashenzari.
  4906 | D:5      | Entered Level 5 of the Dungeon
  4906 | D:5      | Noticed an ogre
  4913 | D:4      | Reached skill level 1 in Long Blades
  5206 | D:4      | Reached XP level 6. HP: 32/36 MP: 3/10
  5478 | D:5      | Killed an ogre
  5724 | D:5      | Noticed Mygna's ghost (experienced DrFi)
  6018 | D:4      | Reached XP level 7. HP: 41/41 MP: 6/11
  6068 | D:4      | Reached skill level 6 in Fire Magic
  6252 | D:5      | Learned a level 2 spell: Repel Missiles
  6459 | D:6      | Reached skill level 5 in Conjurations
  6599 | D:6      | Got a pitted buckler
  6606 | D:6      | Identified the +2 buckler "Bediakha" {rN++ Dex-5} (You found it on level 6 of the Dungeon)
  6713 | D:6      | Found an opulent altar of Gozag.
  6970 | D:6      | Found a staircase to the Ecumenical Temple.
  7414 | Temple   | Entered the Ecumenical Temple
  7571 | D:6      | Reached skill level 1 in Shields
  7672 | D:6      | Reached XP level 8. HP: 44/46 MP: 6/12
  7685 | D:5      | Found a stormy altar of Qazlal.
  7697 | D:5      | Noticed an air elemental
  7697 | D:5      | Noticed a fire elemental
  7970 | D:5      | Noticed an ice beast
  7974 | D:5      | Killed an ice beast
  8080 | D:5      | Noticed an ogre
  8085 | D:5      | Killed an ogre
  8118 | D:5      | Found a burning altar of Makhleb.
  8122 | D:5      | Found a glowing silver altar of Zin.
  8147 | D:5      | Noticed an angel
  8147 | D:5      | Noticed a cacodemon
  8186 | D:5      | Reached skill level 1 in Fighting
  8186 | D:5      | Reached skill level 5 in Long Blades
  9362 | D:7      | Found a sand-covered staircase.
  9369 | Ossuary  | Entered an ossuary
  9463 | Ossuary  | Reached XP level 9. HP: 58/58 MP: 9/14
  9779 | Ossuary  | Reached skill level 7 in Long Blades
 10552 | D:7      | Found a shadowy altar of Dithmenos.
 10834 | D:7      | Found a sparkling altar of Nemelex Xobeh.
 10985 | D:7      | Learned a level 5 spell: Fireball
 11121 | D:7      | Found an iron altar of Okawaru.
 11203 | D:7      | Reached skill level 5 in Fighting
 11442 | D:5      | Noticed a water elemental
 11512 | D:5      | Killed from afar by Mygna's ghost

Vault maps used:
D:1:      erik_arrival_gehennom, tso_metal_star
D:2:      lemuel_doored_altar, ecumenical_altar_2, first_bread,
          kennysheep_generic_room_16, uniq_jessica
D:3:      forest_paths, old_standard_altar, serial_bayou_pond_a
D:4:      uniq_crazy_yiuf_cottage
D:5:      grunt_temple_overflow_order_and_chaos_2,
          nicolae_qazlal_style_of_elements
D:6:      minmay_temple_entry_junction2, serial_bayou_pond_a,
          grunt_gozag_breadcrumbs
D:7:      kennysheep_mini_moat, lemuel_crystal_altar,
          nicolae_ossuary_entry_false_entrances, the_bakery,
          nemelex_spade_bored_becter
Temple:   jpeg_temple_clearing_9
Ossuary:  minmay_ossuary_two_tombs

Action                   |  1- 3 |  4- 6 |  7- 9 || total
-------------------------+-------+-------+-------++-------
Melee: Dagger            |    48 |    24 |       ||    72
       Short sword       |       |    90 |   475 ||   565
       Long sword        |       |       |    27 ||    27
 Cast: Flame Tongue      |    24 |    70 |    74 ||   168
       Conjure Flame     |       |     5 |    17 ||    22
       Sticky Flame      |       |     9 |    38 ||    47
       Repel Missiles    |       |       |     1 ||     1
  Use: Scroll            |     3 |     5 |     7 ||    15
 Stab: Sleeping          |    10 |    11 |     3 ||    24
       Distracted        |       |     1 |       ||     1
  Eat: Chunk             |     2 |    17 |    17 ||    36
       Bread ration      |       |       |     2 ||     2
       Royal jelly       |       |       |     1 ||     1
